 Dungeon Crawl Stone Soup version 0.30.1-4-g462c640d31 (webtiles) character file.

Game seed: 9102637708068936078

53 Bobit the Chopper (level 3, -4/26 HPs)
             Began as a Gnoll Wanderer on Aug 11, 2023.
             Was a Follower of Okawaru.
             Slain by a gnoll
             ... wielding a +4 halberd
              (13 damage)
             ... on level 2 of the Dungeon.
             The game lasted 00:08:10 (1270 turns).

Bobit the Chopper (Gnoll Wanderer)                  Turns: 1270, Time: 00:08:11

Health: -4/26      AC:  8    Str: 16    XL:     3   Next: 87%
Magic:  7/7        EV: 10    Int:  9    God:    Okawaru [*.....]
Gold:   80         SH:  0    Dex: 10    Spells: 6/7 levels left

rFire   . . .        g - +2 flail (heavy)
rCold   . . .        (no shield)
rNeg    . . .        b - +0 scale mail
rPois   .            (no helmet)
rElec   .            f - +0 cloak
rCorr   .            (no gloves)
SInv    .            (no boots)
Will    .....        (no amulet)
Stlth   +            (no ring)
HPRegen 0.24/turn    (no ring)
MPRegen 0.10/turn

%: no passive effects
@: no status effects
A: fangs 1, strong nose, distributed training
a: Renounce Religion, Heroism


You were on level 2 of the Dungeon.
You worshipped Okawaru.
Okawaru was aware of your devotion.
You visited 1 branch of the dungeon, and saw 2 of its levels.

You collected 80 gold pieces.

Inventory:

Hand Weapons
 a - a +0 hand axe
 g - a +2 heavy flail (weapon)
Armour
 b - a +0 scale mail (worn)
 f - a +0 cloak (worn)
Magical Staves
 h - a staff of conjuration
Scrolls
 d - 2 scrolls of immolation {unknown}
 i - a scroll of amnesia {unknown}
Potions
 c - a potion of haste
 e - a potion of attraction {unknown}


   Skills:
 + Level 1.0 Fighting
 + Level 1.0 Short Blades
 + Level 1.0 Long Blades
 + Level 6.5 Axes
 + Level 1.0 Maces & Flails
 + Level 1.0 Polearms
 + Level 1.0 Staves
 + Level 1.0 Ranged Weapons
 + Level 1.0 Throwing
 + Level 4.6 Armour
 + Level 2.7 Dodging
 + Level 2.5 Stealth
 + Level 1.0 Shields
 + Level 1.0 Unarmed Combat
 + Level 2.9 Spellcasting
 + Level 0.7 Conjurations
 + Level 0.7 Hexes
 + Level 3.8 Summonings
 + Level 0.7 Necromancy
 + Level 0.7 Translocations
 + Level 0.7 Transmutations
 + Level 0.7 Fire Magic
 + Level 0.7 Ice Magic
 + Level 0.7 Air Magic
 + Level 0.7 Earth Magic
 + Level 0.7 Poison Magic
 + Level 1.1 Invocations
 + Level 1.0 Evocations


You had 6 spell levels left.
You knew the following spells:

 Your Spells              Type           Power      Damage    Failure   Level
a - Summon Small Mammal   Summ           32%        N/A       22%         1

Your spell library contained the following spells:

 Spells                   Type           Power      Damage    Failure   Level
 Vhi's Electric Charge    Tloc/Air       4%         N/A       92%         3
 Fulminant Prism          Conj/Hex       1%         3d5       100%        4
 Arcjolt                  Conj/Air       1%         1d11      100%        5
 Fireball                 Conj/Fire      1%         3d3       100%        5
 Freezing Cloud           Conj/Ice/Air   1%         6-21      100%        5
 Iskenderun's Battlesphe  Conj           2%         2d6       100%        5
 Maxwell's Capacitive Co  Air            1%         ∞         100%        8
 Call Canine Familiar     Summ           Unusable   N/A       N/A         3
 Summon Ice Beast         Ice/Summ       Unusable   N/A       N/A         4

Dungeon Overview and Level Annotations

Branches:
Dungeon (2/15)

Altars:
Okawaru


Innate Abilities, Weirdness & Mutations

You have very sharp teeth.
Your uncanny sense of smell can sniff out nearby items.
Your experience applies equally to all skills.


Message History

No target in view!
You see here 5 stones.
A kobold comes into view. It is wielding a +0 short sword.
The kobold shouts!
You hear a shout!
A gnoll comes into view. It is wielding a +4 halberd.
An endoplasm comes into view.
The endoplasm quivers.
Found a stone staircase leading down.
The kobold hits you but does no damage.
You sock the kobold!
You kill the kobold!
Okawaru accepts your kill.
The gnoll hits you from afar with a +4 halberd.
The gnoll barely misses you.
You hit the endoplasm.
The endoplasm is moderately wounded.
The gnoll closely misses you. The endoplasm barely misses you.
The gnoll barely misses you. The endoplasm closely misses you.
You sock the endoplasm!
You kill the endoplasm!
Okawaru accepts your kill.
The gnoll hits you from afar with a +4 halberd.
The gnoll barely misses you. The gnoll hits you with a +4 halberd!
You see here a +0 short sword.
You are too injured to fight recklessly!
You are too injured to fight recklessly!
You are too injured to fight recklessly!
You are too injured to fight recklessly!
You hit the gnoll.
The gnoll is lightly wounded.
The gnoll closely misses you. The gnoll hits you but does no damage.
You barely miss the gnoll.
The gnoll is lightly wounded.
The gnoll hits you with a +4 halberd. The gnoll closely misses you.
You barely miss the gnoll.
The gnoll is lightly wounded.
The gnoll hits you with a +4 halberd!
Ouch! That really hurt!
You die...

###.......... .. ..
#.............. .......
... #.........
#.#.#.##... ####(.#†.#
>........# ###.###..
#.#.#.#.# #...# ###
.....#.# ##.###
.#.#.#g#...# #..#
.......@...## #.##
.#.#.#.#....###.########
...........##..........
#.#.#.#........########
............#.# ##
##..##.##.##...# ####.
##. #. #.##...####.... #
#. #.##.........#. #.
#.##.##.....#..


You could see a gnoll.

Vanquished Creatures
  A worm (D:2)
  2 dart slugs (D:1)
  4 ball pythons
  3 endoplasms (D:2)
  2 giant cockroaches (D:1)
  9 goblins
  3 hobgoblins
  4 kobolds
  A quokka (D:1)
  5 bats
  3 frilled lizards (D:1)
  3 rats (D:1)
40 creatures vanquished.

Notes
Turn   | Place    | Note
-------+----------+-------------------------------------------
     0 | D:1      | Bobit the Gnoll Wanderer began the quest for the Orb.
     0 | D:1      | Bobit set off with the following items: a +0 hand axe, a +0
                  | scale mail, a potion of haste; and the following spell
                  | memorised: Summon Small Mammal; and the following spells
                  | available to memorise: Call Canine Familiar, Summon Ice
                  | Beast.
     0 | D:1      | Reached XP level 1. HP: 13/13 MP: 4/4
   171 | D:1      | Reached XP level 2. HP: 19/19 MP: 5/5
   666 | D:1      | Reached XP level 3. HP: 21/25 MP: 7/7
   745 | D:1      | Found a faded altar of an unknown god.
   871 | D:1      | Prayed at the altar of an unknown god.
   871 | D:1      | Became a worshipper of Warmaster Okawaru
   871 | D:1      | Reached * piety under Okawaru
   943 | D:1      | Got the Anthology of the Fifth Circle
  1073 | D:2      | Reached skill level 1 in Invocations
  1144 | D:2      | Reached skill level 1 in Fighting
  1144 | D:2      | Reached skill level 1 in Short Blades
  1144 | D:2      | Reached skill level 1 in Long Blades
  1144 | D:2      | Reached skill level 1 in Maces & Flails
  1144 | D:2      | Reached skill level 1 in Polearms
  1144 | D:2      | Reached skill level 1 in Staves
  1144 | D:2      | Reached skill level 1 in Ranged Weapons
  1144 | D:2      | Reached skill level 1 in Throwing
  1144 | D:2      | Reached skill level 1 in Shields
  1144 | D:2      | Reached skill level 1 in Unarmed Combat
  1144 | D:2      | Reached skill level 1 in Evocations
  1270 | D:2      | Slain by a gnoll

Illustrated notes

Levels and vault maps discovered:
D:1:      mrwooster_arrival_arrow, layout_basic,
          ebering_ecumenical_altar_sacrificial
D:2:      layout_rooms, st_stairs_9, hangedman_abyss_or_decor_lesser_grid,
          minmay_pentomino_p4

Skill      XL: |  1  2  3 |
---------------+----------+-----
Invocations    | 1 |  1.1
Fighting       | 1 |  1.0
Short Blades   | 1 |  1.0
Long Blades    | 1 |  1.0
Maces & Flails | 1 |  1.0
Polearms       | 1 |  1.0
Staves         | 1 |  1.0
Ranged Weapons | 1 |  1.0
Throwing       | 1 |  1.0
Shields        | 1 |  1.0
Unarmed Combat | 1 |  1.0
Evocations     | 1 |  1.0
Axes           | |  6.5
Armour         | |  4.6
Dodging        | |  2.7
Stealth        | |  2.5
Spellcasting   | |  2.9
Conjurations   | |  0.7
Hexes          | |  0.7
Summonings     | |  3.8
Necromancy     | |  0.7
Translocations | |  0.7
Transmutations | |  0.7
Fire Magic     | |  0.7
Ice Magic      | |  0.7
Air Magic      | |  0.7
Earth Magic    | |  0.7
Poison Magic   | |  0.7

Action                     || total
---------------------------++-------
  Melee: Hand axe          ||   112
         Bite              ||     6
         Flail             ||    31
         Punch             ||     1
 Invoke: Heroism           ||     1
 Armour: Scale mail        ||    59
  Dodge: Dodged            ||    83
